 Dungeon Sprint DCSS version 0.18-a0-1197-g8004e50 (webtiles) character file.

123 pipel the Grasshopper (level 4, 0/66 HPs)
             Began as a Deep Dwarf Warper on Jan 30, 2016.
             Was a Believer of Makhleb.
             Slain by a battleaxe of flaming (1 damage)
             ... in the Dungeon (Sprint V: "Ziggurat Sprint").
             The game lasted 00:02:45 (75 turns).

pipel the Grasshopper (Deep Dwarf Warper)             Turns: 75, Time: 00:02:45

Health: 0/66       AC:  4    Str: 25    XL:     4   Next: 80%
Magic:  8/9        EV:  8    Int: 14    God:    Makhleb [**....]
Gold:   0          SH: 28    Dex: 25    Spells: 4 memorised, 1 level left

rFire  . . .     SeeInvis +     L - +14 obsidian axe {chop, +Fly Str+3 SInv *Curse} (curse)
rCold  . . .     Gourm    .     b - +0 leather armour
rNeg   + . .     Faith    .     N - +18 shield of the gong {rElec rN+ MR+ EV-5}
rPois  .         Spirit   .     (no helmet)
rElec  +         Dismiss  .     (no cloak)
rCorr  .         Reflect  .     P - +0 pair of gloves {Str+3}
SustAt .         Harm     .     (no boots)
MR     +....     NoTele   +     (no amulet)
Stlth  ..........               G - +6 ring of dexterity
                                F - +6 ring of dexterity

@: berserking, mesmerised, non-regenerating, very quick, somewhat resistant to
hostile enchantments, extremely unstealthy
A: damage resistance, recharge devices, sense surroundings 1, slow regeneration
3
a: Device Recharging, Minor Destruction, Renounce Religion, Evoke Flight


You were in the Dungeon.
You worshipped Makhleb.
Makhleb was pleased with you.
You were not hungry.

You visited 1 branch

Inventory:

Hand Weapons
 a - a +0 hand axe
 L - the cursed +14 obsidian axe (weapon) {chop, +Fly Str+3 SInv *Curse}
   (You found it in the Dungeon)

   It inflicts extra damage upon your enemies.
   It affects your strength (+3).
   It lets you see invisible.
   It lets you fly.
   It may re-curse itself when equipped.
   It has a curse placed upon it.
Missiles
 e - 5 tomahawks of dispersal (quivered)
Armour
 b - a +0 leather armour (worn)
 m - a +5 gold dragon armour
 M - the +15 Maxwell's patent armour {-Cast -Tele rElec MR+ rCorr}
   (You found it in the Dungeon)

   It insulates you from electricity.
   It affects your resistance to hostile enchantments.
   It prevents spellcasting.
   It prevents most forms of teleportation.
   It protects you from acid and corrosion.
 N - the +18 shield of the gong (worn) {rElec rN+ MR+ EV-5}
   (You found it in the Dungeon)

   It affects your evasion (-5).
   It insulates you from electricity.
   It protects you from negative energy.
   It affects your resistance to hostile enchantments.
 P - a +0 pair of gloves of strength (worn)
Jewellery
 F - a +6 ring of dexterity (left hand)
 G - a +6 ring of dexterity (right hand)
 H - a +6 ring of intelligence
 I - a +6 ring of intelligence
 J - a +6 ring of strength
 K - a +6 ring of strength
 O - an uncursed ring of ice
Wands
 f - a wand of heal wounds (5/9)
 B - a wand of disintegration (7/24)
 C - a wand of fireball (5/15)
 D - a wand of lightning (5/15)
 E - a wand of draining (5/15)
Scrolls
 d - 5 scrolls of blinking
 t - 4 scrolls of amnesia
 u - 3 scrolls of recharging
 v - 7 scrolls of fog
 w - a scroll of holy word
 x - 5 scrolls of identify
 y - 5 scrolls of remove curse
 z - 2 scrolls of fear
Potions
 h - 10 potions of curing
 i - 10 potions of heal wounds
 j - 6 potions of haste
 k - 7 potions of magic
 l - 2 potions of berserk rage
 n - 2 potions of brilliance
 o - 2 potions of invisibility
 p - 4 potions of resistance
 r - 5 potions of agility
 s - 5 potions of might
Books
 c - a book of Spatial Translocations

   Spells                             Type                      Level
   a - Apportation                    Translocation                1
   b - Blink                          Translocation                2
   c - Shroud of Golubria             Charms/Translocation         2
   d - Portal Projectile              Translocation                3
   e - Teleport Other                 Translocation                3
   f - Passage of Golubria            Translocation                4
Comestibles
 g - 5 bread rations
 q - 42 fruits
 A - 4 meat rations


   Skills:
 + Level 3.6 Fighting
 + Level 5.0 Axes
 + Level 0.8 Throwing
 + Level 3.2 Armour
 + Level 4.4 Dodging
 - Level 3.7 Stealth
 * Level 0.9 Shields
 + Level 3.8 Spellcasting
 + Level 6.8 Translocations
 + Level 3.1 Evocations


You had one spell level left.
You knew the following spells:

 Your Spells              Type           Power        Failure   Level  Hunger
a - Apportation           Tloc           ###.......   12%         1    None
b - Shroud of Golubria    Chrm/Tloc      ##........   63%         2    ##.....
c - Blink                 Tloc           N/A          14%         2    ##.....
d - Passage of Golubria   Tloc           N/A          86%         4    ####...


Dungeon Overview and Level Annotations

Branches:
Dungeon (1/1)

Altars:
Ashenzari
Cheibriados
Dithmenos
Elyvilon
Fedhas
Gozag
Kikubaaqudgha
Makhleb
Nemelex Xobeh
Okawaru
Pakellas
Qazlal
Ru
Sif Muna
Trog
Vehumet
Xom
Yredelemnul
Zin
The Shining One
Beogh
Jiyva
Lugonu


Innate Abilities, Weirdness & Mutations

You are resistant to damage.
You can recharge devices by infusing magical energy.
You passively map a small area around you.
You do not regenerate naturally.


Message History

The battleaxe of freezing hits you!! The battleaxe of freezing freezes you!
* * * LOW HITPOINT WARNING * * *
The deep elf mage casts a spell.
You take 36 damage, and have 19/66 hp.
MASSIVE DAMAGE!!
Unknown command.
Unknown command.
You slice the air elemental!!
The air elemental is severely damaged.
You closely miss the battleaxe of freezing.
You hit the battleaxe of flaming.
The battleaxe of flaming is lightly damaged.
Visions of slaying the air elemental flood into your mind.
You block the air elemental's attack.
PANG!
You block the air elemental's attack.
SHROANNG!
The battleaxe of flaming hits you!!
* * * LOW HITPOINT WARNING * * *
The battleaxe of flaming burns you.
You die...

*
▓▓▓▓▓▓▓▓▓▓▓▓▓▓▓▓▓▓▓
,
▓.8©8.▓.8©8.▓.8©8.▓
▓.):}.▓.|.=.▓.....▓
,
▓..[..▓.....▓.)4..▓
*▓.....▓.....▓.....▓
▓....Y▓.....▓.....▓
,
▓.(E(e▓.....▓.....▓
*▓..@..▓.....▓▓▓▓▓▓▓
, ▓▓▓▓▓▓▓▓▓▓▓▓▓** *
, © , © ,, * ,, * ,
, , , ,,, , * * *, ,
, , ,, , * , ,, * ,
, , *


You could see a deep elf mage, an air elemental, an ice beast and 2 dancing
weapons.

Vanquished Creatures
  2 quasits (D)
  An iron imp (D)
  An orc (D)
4 creatures vanquished.

Vanquished Creatures (collateral kills)
  An orc wizard (D)
1 creature vanquished.

Vanquished Creatures (others)
  A spatial maelstrom (D)
1 creature vanquished.

Grand Total: 6 creatures vanquished

Notes
Turn   | Place    | Note
--------------------------------------------------------------
     0 | D        | pipel the Deep Dwarf Warper began the quest for the Orb.
     0 | D        | Reached XP level 1. HP: 19/19 MP: 3/3
     1 | D        | Banished a spatial maelstrom
     3 | D        | Found an iron altar of Okawaru.
     3 | D        | Found a radiant altar of Vehumet.
     3 | D        | Found a shimmering altar of Xom.
     3 | D        | Found a burning altar of Makhleb.
     3 | D        | Found a deep blue altar of Sif Muna.
     5 | D        | Found a bloodstained altar of Trog.
     6 | D        | Found a roughly hewn altar of Beogh.
     6 | D        | Found a viscous altar of Jiyva.
     6 | D        | Found a corrupted altar of Lugonu.
     6 | D        | Found a white marble altar of Elyvilon.
     6 | D        | Found a sparkling altar of Nemelex Xobeh.
    10 | D        | Reached skill level 4 in Translocations
    10 | D        | Reached XP level 2. HP: 25/27 MP: 3/5
    29 | D        | Became a worshipper of Makhleb the Destroyer
    33 | D        | Learned a level 2 spell: Shroud of Golubria
    39 | D        | Entered arena 1.
    44 | D        | Reached * piety under Makhleb
    44 | D        | Reached skill level 5 in Translocations
    44 | D        | Reached XP level 3. HP: 30/34 MP: 5/7
    51 | D        | Learned a level 2 spell: Blink
    51 | D        | Entered arena 2.
    56 | D        | Reached skill level 6 in Translocations
    56 | D        | Reached XP level 4. HP: 37/42 MP: 6/9
    56 | D        | Reached ** piety under Makhleb
    56 | D        | Reached skill level 5 in Axes
    71 | D        | Learned a level 4 spell: Passage of Golubria
    71 | D        | Entered arena 3.
    71 | D        | Noticed a deep elf mage
    71 | D        | Noticed a battleaxe of flaming
    71 | D        | Noticed an air elemental
    71 | D        | Noticed a battleaxe of freezing
    75 | D        | Noticed an ice beast
    75 | D        | HP: 1/66 [battleaxe of flaming (18)]
    75 | D        | Slain by a battleaxe of flaming

Vault maps used:
D:        sprint_v

Action                   |  1- 3 |  4- 6 || total
-------------------------+-------+-------++-------
Melee: Broad axe         |     6 |     2 ||     8
  Use: Potion            |     1 |     1 ||     2
 Stab: Sleeping          |     1 |       ||     1
